 Dungeon Crawl Stone Soup version 0.29.1-2-gbd0b4ee654 (webtiles) character file.

Game seed: 9021162146631340335

3126 Firos the Carver (level 9, -6/79 HPs)
             Began as a Minotaur Gladiator on Nov 15, 2022.
             Was a Priest of Okawaru.
             Mangled by a two-headed ogre
             ... wielding a +0 dire flail
              (12 damage)
             ... on level 8 of the Dungeon.
             The game lasted 00:10:24 (8852 turns).

Firos the Carver (Minotaur Gladiator)               Turns: 8852, Time: 00:10:25

Health: -6/79      AC: 13    Str: 19    XL:     9   Next: 61%
Magic:  20/20      EV:  8    Int:  5    God:    Okawaru [***...]
Gold:   489        SH:  0    Dex: 16    Spells: 8/8 levels left

rFire   . . .      SeeInvis .   a - +0 long sword
rCold   . . .      Faith    .   (no shield)
rNeg    + . .      Spirit   .   i - +0 plate armour
rPois   .          Reflect  .   c - +0 hat
rElec   .          Harm     .   (no cloak)
rCorr   .          Rampage  .   (no gloves)
Will    .....                   (no boots)
Stlth   ..........              n - amulet of the acrobat
HPRegen 0.23/turn               k - ring of magical power
MPRegen 0.17/turn               o - ring of positive energy

@: no status effects
A: horns 2, retaliatory headbutt
a: Renounce Religion, Heroism


You were on level 8 of the Dungeon.
You worshipped Okawaru.
Okawaru was most pleased with you.
You visited 2 branches of the dungeon, and saw 9 of its levels.

You collected 489 gold pieces.

Inventory:

Hand Weapons
 a - a +0 long sword (weapon)
 b - a +0 shortbow
Missiles
 d - 3 throwing nets (quivered)
 e - a javelin
Armour
 c - a +0 hat (worn)
 i - a +0 plate armour (worn)
 J - a +0 leather armour
Jewellery
 k - a ring of magical power (left hand)
 n - an amulet of the acrobat (around neck)
 o - a ring of positive energy (right hand)
 z - a ring of flight
 F - a ring of positive energy
 H - a ring of see invisible
Wands
 h - a wand of roots (1)
 s - a wand of polymorph (10)
 C - a wand of mindburst (18)
 L - a wand of acid (11)
Scrolls
 j - 2 scrolls of blinking
 m - a scroll of acquirement {unknown}
 p - a scroll of butterflies {unknown}
 r - a scroll of noise
 u - a scroll of poison {unknown}
 w - 4 scrolls of teleportation
 y - a scroll of summoning {unknown}
 A - 2 scrolls of magic mapping {unknown}
 B - a scroll of fear {unknown}
 K - 2 scrolls of immolation {unknown}
Potions
 f - 2 potions of attraction
 g - a potion of magic
 l - a potion of heal wounds
 q - 2 potions of flight
 t - 4 potions of resistance
 v - a potion of cancellation
 x - 2 potions of brilliance
 D - a potion of might {unknown}
 E - 2 potions of invisibility
 G - a potion of berserk rage {unknown}
 I - 3 potions of curing


   Skills:
 + Level 7.1 Fighting
 * Level 10.4 Long Blades
 - Level 2.0 Throwing
 + Level 6.6 Armour
 + Level 7.0 Dodging
 + Level 4.3 Invocations


You had 8 spell levels left.
You didn't know any spells.
Your spell library contained the following spells:

 Spells                   Type           Power      Damage    Failure   Level
 Portal Projectile        Hex/Tloc       0%         N/A       100%        3
 Leda's Liquefaction      Hex/Erth       0%         N/A       100%        4
 Alistair's Intoxication  Tmut/Pois      0%         N/A       100%        5
 Blade Hands              Tmut           0%         N/A       100%        5
 Borgnjor's Vile Clutch   Necr/Erth      0%         N/A       100%        5
 Eringya's Noxious Bog    Tmut/Pois      0%         N/A       100%        6
 Iron Shot                Conj/Erth      0%         9d1       100%        6
 Call Canine Familiar     Summ           Unusable   N/A       N/A         3
 Animate Armour           Summ/Erth      Unusable   N/A       N/A         4

Dungeon Overview and Level Annotations

Branches:
Dungeon (8/15)             Temple (1/1) D:4
   Lair: D:8-11

Altars:
Ashenzari
Cheibriados
Elyvilon
Fedhas
Gozag
Hepliaklqana
Kikubaaqudgha
Makhleb
Nemelex Xobeh
Okawaru
Qazlal
Ru
Sif Muna
Trog
Uskayaw
Vehumet
Wu Jian
Xom
Yredelemnul
Zin
The Shining One

Annotations:
D:3 3 runed translucent doors, caveywoolpert's ghost, amateur BaAM; furfeg123's ghost, amateur DsGl; zurenarrh's ghost, amateur DrTm


Innate Abilities, Weirdness & Mutations

You have a pair of horns on your head.
You reflexively headbutt those who attack you in melee.


Message History

A two-headed ogre is nearby!
You slash the two-headed ogre!
The two-headed ogre is lightly wounded.
The two-headed ogre hits you with a +0 dire flail.
The two-headed ogre hits you with a +0 giant club!
You hit the two-headed ogre.
You headbutt the two-headed ogre, but do no damage.
The two-headed ogre is moderately wounded.
You barely miss the two-headed ogre.
The two-headed ogre is moderately wounded.
The two-headed ogre hits you with a +0 dire flail!
The two-headed ogre hits you with a +0 giant club!
You hit the two-headed ogre but do no damage.
You headbutt the two-headed ogre!
The two-headed ogre is moderately wounded.
The two-headed ogre barely misses you. You furiously retaliate!
You headbutt the two-headed ogre, but do no damage.
The two-headed ogre hits you with a +0 giant club!
You hit the two-headed ogre. You headbutt the two-headed ogre!
The two-headed ogre is heavily wounded.
You hit the two-headed ogre but do no damage.
The two-headed ogre is heavily wounded.
The two-headed ogre hits you with a +0 dire flail!
* * * LOW HITPOINT WARNING * * *
The two-headed ogre hits you with a +0 giant club!
* * * LOW HITPOINT WARNING * * *
Aiming: Corrosive Bolt
Press: ? - help, Shift-Dir - straight line, f - two-headed ogre
Aim: a two-headed ogre, wielding a +0 dire flail and a +0 giant club (heavily wounded, 86% to hit)
The bolt of acid hits the two-headed ogre!
The acid corrodes the two-headed ogre!
The two-headed ogre is severely wounded.
Aiming: Corrosive Bolt
Press: ? - help, Shift-Dir - straight line, f/p - two-headed ogre
Aim: a two-headed ogre, wielding a +0 dire flail and a +0 giant club (severely wounded, covered in acid, 86% to hit)
The bolt of acid hits the two-headed ogre!
The two-headed ogre seems to be corroded for longer.
The two-headed ogre is almost dead.
The two-headed ogre hits you with a +0 dire flail!
You die...

.............#....##
...#########...#.##
##.#########......#
............>..##.##
##.......####.###.O#
##...###......# ##.#
...#.# ####...# #.##
####.# ##...#.####..#
#.###..###...@O..#
#.##..############
#..<.......##
###..#####..##
##...## ##..##### #
#..### ##.....#
###.##############..#
....†..........####.#
#..###########......#


You could see a two-headed ogre (corroded).

Vanquished Creatures
  4 yaks (D:8)
  Eustachio (D:6)
  Menkaure (D:6)
  2 water moccasins
  A swamp drake (D:5)
  A sky beast (D:6)
  3 ice beasts
  2 centaurs
  3 ogres
  A kobold brigand (D:8)
  3 bullfrogs (D:6)
  2 necrophages
  4 killer bees (D:7)
  2 howler monkeys (D:6)
  3 orc priests
  2 hounds
  3 orc wizards
  4 iguanas
  10 adders
  4 gnolls (D:4)
  A white imp (D:7)
  2 ufetubi (D:7)
  2 worms (D:2)
  7 dart slugs
  18 orcs
  4 endoplasms
  4 giant cockroaches
  9 goblins
  3 hobgoblins
  2 jackals (D:2)
  11 kobolds
  6 ball pythons
  5 bats
  A frilled lizard (D:1)
  2 rats (D:2)
133 creatures vanquished.

Notes
Turn   | Place    | Note
-------+----------+-------------------------------------------
     0 | D:1      | Firos the Minotaur Gladiator began the quest for the Orb.
     0 | D:1      | Reached XP level 1. HP: 18/18 MP: 0/0
   759 | D:1      | Reached XP level 2. HP: 25/25 MP: 1/1
   796 | D:1      | Found a faded altar of an unknown god.
   803 | D:1      | Reached skill level 4 in Long Blades
  1625 | D:2      | Reached skill level 1 in Armour
  1746 | D:2      | Reached XP level 3. HP: 14/30 MP: 2/2
  2435 | D:3      | Reached XP level 4. HP: 33/38 MP: 3/3
  2512 | D:3      | Found a runed translucent gate.
  2512 | D:3      | Found a runed translucent gate.
  2512 | D:3      | Found a runed translucent gate.
  3405 | D:3      | Noticed zurenarrh's ghost (amateur DrTm)
  3405 | D:3      | Noticed caveywoolpert's ghost (amateur BaAM)
  3405 | D:3      | Noticed furfeg123's ghost (amateur DsGl)
  3685 | D:4      | Noticed an ogre
  3689 | D:4      | Killed an ogre
  3690 | D:4      | Reached skill level 5 in Long Blades
  3690 | D:4      | Reached XP level 5. HP: 46/46 MP: 4/4
  3747 | D:4      | Identified the +7 dagger of Miczauxy {vorpal, Str+2}
  3799 | D:4      | Found a staircase to the Ecumenical Temple.
  3822 | D:4      | Reached XP level 6. HP: 51/52 MP: 5/5
  3831 | Temple   | Entered the Ecumenical Temple
  4022 | Temple   | Became a worshipper of Warmaster Okawaru
  4111 | D:4      | Reached skill level 6 in Long Blades
  4515 | D:5      | Entered Level 5 of the Dungeon
  4738 | D:5      | Noticed a swamp drake
  4738 | D:5      | a jelly changed into a swamp drake
  4754 | D:5      | Killed a swamp drake
  4773 | D:5      | Reached * piety under Okawaru
  4774 | D:5      | Reached XP level 7. HP: 43/60 MP: 6/6
  4872 | D:5      | Found a radiant altar of Vehumet.
  4891 | D:5      | Reached skill level 5 in Dodging
  4908 | D:5      | Found a snail-covered altar of Cheibriados.
  4908 | D:5      | Found a stormy altar of Qazlal.
  4908 | D:5      | Found a burning altar of Makhleb.
  4926 | D:5      | Reached skill level 7 in Long Blades
  4932 | D:5      | Reached skill level 1 in Invocations
  4937 | D:5      | Reached skill level 5 in Fighting
  5174 | D:5      | Identified the +1 helmet of Setty {Contam Str+5 Int+3 SInv}
  5304 | D:5      | Found a glowing golden altar of the Shining One.
  5313 | D:5      | Found a broken altar of Ashenzari.
  5426 | D:5      | Found a blossoming altar of Fedhas.
  5429 | D:5      | Found a sparkling altar of Nemelex Xobeh.
  5786 | D:6      | Reached XP level 8. HP: 63/68 MP: 8/8
  5838 | D:6      | Reached skill level 8 in Long Blades
  5921 | D:6      | Noticed Eustachio
  5947 | D:6      | Killed Eustachio
  5947 | D:6      | Reached ** piety under Okawaru
  6049 | D:6      | Reached skill level 5 in Armour
  6057 | D:6      | Noticed a +0 dagger
  6057 | D:6      | Noticed a +0 dagger
  6082 | D:6      | Noticed Menkaure
  6092 | D:6      | Killed Menkaure
  6447 | D:6      | Reached skill level 9 in Long Blades
  6557 | D:6      | Found a hide-covered altar of Uskayaw.
  6956 | D:7      | Reached XP level 9. HP: 70/77 MP: 10/10
  7471 | D:7      | Reached *** piety under Okawaru
  8190 | D:8      | Noticed a two-headed ogre
  8273 | D:8      | Reached skill level 10 in Long Blades
  8852 | D:8      | Mangled by a two-headed ogre

Illustrated notes

Levels and vault maps discovered:
D:1:      dpeg_arrival_erosion, layout_basic,
          shapermc_ecumenical_altar_starsandcircs
D:2:      layout_loops_cross
D:3:      layout_loops_corners, gammafunk_ghost_cemetery,
          minmay_misc_feat_columns, roderic_serpentine_path
D:4:      layout_basic, minmay_temple_entry_mist, minmay_ruptured
D:5:      layout_loops_cross, minmay_overflow_temple_hex,
          mainiacjoe_overflow_big_doors
D:6:      layout_loops_ring, dancing_weapons_uskayaw, uniq_menkaure,
          uniq_eustachio
D:7:      layout_cave_pods, chequers_serial_rivers_large_b
D:8:      layout_rooms, ploomutoo_gammafunk_ghost_potion_laboratory,
          kennysheep_generic_room_6, uniq_prince_ribbit1, uniq_pikel
Temple:   nicolae_temple_slightly_damp_pantheon

Skill      XL: |  1  2  3  4  5  6  7  8  9 |
---------------+----------------------------+-----
Long Blades    | 4 5 6 7 9 10 | 10.4
Armour         | 1 2 3 4 5 6 |  6.6
Fighting       | 3 4 5 6 7 |  7.1
Dodging        | 4 5 6 7 |  7.0
Invocations    | 2 3 4 |  4.3
Throwing       | |  2.0

Action                   |  1- 3 |  4- 6 |  7- 9 || total
-------------------------+-------+-------+-------++-------
Melee: Long sword        |    93 |    91 |   224 ||   408
       Headbutt          |     6 |    23 |    52 ||    81
       Punch             |     2 |     1 |     1 ||     4
 Fire: Shortbow          |       |       |     5 ||     5
Evoke: Wand              |       |     8 |    15 ||    23
  Use: Scroll            |       |     8 |     3 ||    11
       Potion            |       |     1 |       ||     1
Armor: Plate armour      |    70 |    55 |   116 ||   241
Dodge: Dodged            |    45 |    39 |    96 ||   180
